 Dungeon Crawl Stone Soup version 0.28-a0-1524-ge72afd5fc6 (webtiles) character file.

Game seed: 13511093561888172002

142 Demosthentine the Ruffian (level 5, -3/47 HPs)
             Began as a Ghoul Monk on Jan 17, 2022.
             Slain by Crazy Yiuf (11 damage)
             ... on level 2 of the Dungeon.
             The game lasted 00:03:35 (2971 turns).

Demosthentine the Ruffian (Ghoul Monk)              Turns: 2971, Time: 00:03:36

Health: -3/47      AC:  2    Str: 17    XL:     5   Next: 24%
Magic:  4/4        EV: 12    Int:  5    God:
Gold:   104        SH:  0    Dex: 11    Spells: 4/4 levels left

rFire   . . .      SeeInvis .     - Unarmed
rCold   + . .      Faith    .   (no shield)
rNeg    + + +      Spirit   .   a - +0 robe
rPois   ∞          Reflect  .   (no helmet)
rElec   .          Harm     .   (no cloak)
rCorr   .          Rampage  .   (no gloves)
Will    .....                   (no boots)
Stlth   ++........              (no amulet)
HPRegen 0.00/turn               (no ring)
MPRegen 0.09/turn               (no ring)

@: inhibited regen, slowed, very slow
A: claws 1, cold resistance 1, negative energy resistance 3, inhibited
regeneration, torment resistance 2
a: no special abilities


You were on level 2 of the Dungeon.
You visited 1 branch of the dungeon, and saw 2 of its levels.

You collected 130 gold pieces.
You spent 26 gold pieces at shops.

Inventory:

Missiles
 c - 5 javelins (quivered)
Armour
 a - a +0 robe (worn)
Jewellery
 f - an amulet of regeneration
Scrolls
 h - a scroll of identify
 i - a scroll of teleportation {unknown}
Potions
 b - 2 potions of berserk rage
 d - a potion of lignification {unknown}
 e - a potion of mutation {unknown}
 g - a potion of cancellation {unknown}
 j - a potion of flight {unknown}


   Skills:
 + Level 4.3 Fighting
 + Level 1.4 Throwing
 + Level 3.5 Dodging
 - Level 2.1 Stealth
 + Level 4.3 Unarmed Combat


You had 4 spell levels left.
You didn't know any spells.
Your spell library contained the following spells:

 Spells                   Type           Power      Damage    Failure   Level
 Shock                    Conj/Air       0%         1d3       47%         1
 Static Discharge         Conj/Air       0%         N/A       63%         2
 Dazzling Flash           Conj/Hex       0%         N/A       85%         3
 Swiftness                Air            0%         N/A       85%         3
 Airstrike                Air            0%         N/A       99%         4
 Iskenderun's Mystic Bla  Conj/Tloc      0%         2d3       99%         4
 Iskenderun's Battlesphe  Conj           0%         2d6       100%        5
 Lightning Bolt           Conj/Air       0%         1d11      100%        5
 Iron Shot                Conj/Erth      0%         9d1       100%        6
 Starburst                Conj/Fire      0%         6d3       100%        6
 Spellforged Servitor     Conj/Summ      0%         N/A       100%        7
 Maxwell's Capacitive Co  Air            0%         ∞         100%        8


Dungeon Overview and Level Annotations

Branches:
Dungeon (2/15)

Altars:
Dithmenos

Shops:
D:1 (==*:

Annotations:
D:2 Crazy Yiuf


Innate Abilities, Weirdness & Mutations

You thrive by killing the living.
You are immune to poison.
You have sharp fingernails.
Your flesh is cold resistant. (rC+)
You are immune to negative energy. (rN+++)
You do not regenerate when monsters are visible.
You are immune to unholy pain and torment.


Message History

Could not explore, unopened runed door.
Could not explore, unopened runed door.
As you open the door, it creaks loudly!
You closely miss Crazy Yiuf. Crazy Yiuf misses you.
You closely miss Crazy Yiuf.
Crazy Yiuf hits you with a +2 quarterstaff of chaos!
You resist with some effort.
You scratch Crazy Yiuf but do no damage.
Crazy Yiuf says, "Dawk aubergine unthinkable!"
Crazy Yiuf hits you with a +2 quarterstaff of chaos.
You feel yourself slow down.
You barely miss Crazy Yiuf.
Crazy Yiuf hits you with a +2 quarterstaff of chaos!
You blink.
As you read the scroll labelled YLASEUVV XAMYF, it crumbles to dust.
It is a scroll of identify.
b - 2 potions of berserk rage Crazy Yiuf glowers.
You closely miss Crazy Yiuf.
Crazy Yiuf hits you with a +2 quarterstaff of chaos!
You scratch Crazy Yiuf.
Crazy Yiuf is moderately wounded.
Crazy Yiuf closely misses you.
Crazy Yiuf says, "Papa!"
Crazy Yiuf hits you with a +2 quarterstaff of chaos.
You convulse.
* * * LOW HITPOINT WARNING * * *
You closely miss Crazy Yiuf.
Crazy Yiuf is lightly wounded.
Crazy Yiuf closely misses you.
You claw Crazy Yiuf!
Crazy Yiuf is severely wounded.
Crazy Yiuf cries, "You leg down broken song, no?"
Crazy Yiuf closely misses you.
Crazy Yiuf hits you with a +2 quarterstaff of chaos.
* * * LOW HITPOINT WARNING * * *
You barely miss Crazy Yiuf.
Crazy Yiuf is severely wounded.
Crazy Yiuf hits you with a +2 quarterstaff of chaos!
You die...

..#######.##.# ..#
#.##.# ..###
#.##.# ....#
###### #.#.# #.#.#
#.#.##♣♣ #####
#.#.#..♣♣ ♣♣#..)#
#.......♣♣♣♣.'.g@#
######
.........♣..♣#...#
#....#
###.#...♣.♣♣♣#####
####.# #.##♣♣♣♣♣
#.# ### #.#
######## #.#
.......# #.#
######.# #.# #.#
#.#


You could see Crazy Yiuf.

Vanquished Creatures
  A gnoll (D:2)
  6 adders (D:2)
  3 worms (D:2)
  3 dart slugs
  7 bats
  3 endoplasms
  5 goblins
  7 hobgoblins
  A jackal (D:2)
  A quokka (D:1)
  5 ball pythons (D:2)
  4 frilled lizards
  14 kobolds
  8 rats
68 creatures vanquished.

Notes
Turn   | Place    | Note
-------+----------+-------------------------------------------
     0 | D:1      | Demosthentine the Ghoul Monk began the quest for the Orb.
     0 | D:1      | Reached XP level 1. HP: 19/19 MP: 0/0
   186 | D:1      | Reached XP level 2. HP: 23/26 MP: 1/1
   500 | D:1      | Found Tonulegg's Jewellery Boutique.
   525 | D:1      | Reached XP level 3. HP: 23/33 MP: 2/2
   619 | D:1      | Found Cuuhouw's Jewellery Emporium.
   647 | D:1      | Found Uzenaakh's Weapon Boutique.
   742 | D:1      | Found Zopne's Assorted Antiques.
   747 | D:1      | Bought a coppery potion for 26 gold pieces
   795 | D:1      | Found Efas's Book Shop.
  1239 | D:2      | Found a faded altar of an unknown god.
  1681 | D:2      | Reached XP level 4. HP: 40/40 MP: 3/3
  2169 | D:2      | Found a runed translucent door.
  2170 | D:2      | Noticed Crazy Yiuf
  2378 | D:2      | Found a shadowy altar of Dithmenos.
  2407 | D:2      | Reached skill level 1 in Throwing
  2583 | D:2      | Reached XP level 5. HP: 43/46 MP: 4/4
  2971 | D:2      | Slain by Crazy Yiuf

Illustrated notes

Levels and vault maps discovered:
D:1:      heliophobic_arrival_ceremonial_halls, layout_rooms, serial_forest,
          infiniplex_forest_clump_C, infiniplex_forest_lined_1,
          infiniplex_forest_end_2, infiniplex_forest_lined_room_,
          infiniplex_forest_lined_room_2, infiniplex_forest_straight_1,
          infiniplex_forest_lined_ring, infiniplex_forest_clump_medium,
          serial_shops, nicolae_shop_window_shopping, nicolae_shop_trees,
          nicolae_square_shop, nicolae_shop_advertising_works
          [nicolae_subvault_shop_adworks], nicolae_shop_hallway_plus,
          st_stairs_2
D:2:      minmay_thinvault, layout_loops_ring,
          hellmonk_ecumenical_altar_slurped_away, basic_altar,
          minmay_fractal_squares_gapless_5, uniq_crazy_yiuf_cottage

Skill      XL: |  1  2  3  4 |
---------------+-------------+-----
Dodging        | 3 |  3.5
Fighting       | 4 |  4.3
Unarmed Combat | 4 |  4.3
Throwing       | 1 |  1.4
Stealth        | |  2.1

Action                   |  1- 3 |  4- 6 || total
-------------------------+-------+-------++-------
Melee: Unarmed           |   122 |    81 ||   203
       Punch             |     3 |     2 ||     5
Throw: Javelin           |    23 |       ||    23
  Use: Scroll            |       |     1 ||     1
 Stab: Sleeping          |     3 |     1 ||     4
Armor: Robe              |    27 |     9 ||    36
Dodge: Dodged            |    86 |    47 ||   133

Table legend: (Time is in decaauts)
 A = Elapsed time spent in this place.
 B = Non-inter-level travel time spent in this place.
 C = Inter-level travel time spent in this place.
 D = Time resting spent in this place.
 E = Time spent auto-exploring this place.
 F = Levels seen in this place.
 G = Mean time per level.
                   A        B        C        D        E       F      G
               +--------+--------+--------+--------+--------+-----+--------+
         Total |   2970 |   2934 |     36 |      0 |   2451 |   2 | 1485.0 |
       Dungeon |   2970 |   2934 |     36 |      0 |   2451 |   2 | 1485.0 |
               +--------+--------+--------+--------+--------+-----+--------+

Top non-repeatable levels by time:
     D:2: 1744 daAuts
     D:1: 1226 daAuts
